 Dungeon Crawl Stone Soup version 0.29-a0-468-ge57f7f99b4 (webtiles) character file.

Game seed: 14223958537431479451

42 xian the Gusty (level 3, -3/14 HPs)
             Began as a Felid Air Elementalist on May 21, 2022.
             Slain by an orc wizard
             ... wielding a +0 dagger
              (4 damage)
             ... on level 3 of the Dungeon.
             The game lasted 00:08:32 (3320 turns).

xian the Gusty (Felid Air Elementalist)             Turns: 3320, Time: 00:08:33

Health: -3/14      AC:  1    Str:  4    XL:     3   Next: 33%
Magic:  2/7        EV: 18    Int: 18    God:
Gold:   129        SH:  0    Dex: 16    Spells: 0/7 levels left
                                        Lives:  0   Deaths: 1

rFire   . . .      SeeInvis +   (weapon unavailable)
rCold   . . .      Faith    .   (shield unavailable)
rNeg    . . .      Spirit   .   (body armour unavailable)
rPois   .          Reflect  .   (helmet unavailable)
rElec   .          Harm     .   (cloak unavailable)
rCorr   .          Rampage  .   (gloves unavailable)
Will    .....                   (boots unavailable)
Stlth   ++........              (no amulet)
HPRegen 0.04/turn               (no ring)
MPRegen 0.10/turn               (no ring)

@: quick
A: very small, claws 1, fangs 3, see invisible, speed 1, shaggy fur 1, stealthy
paws, no weapons or thrown items, no armour, multi-lived
a: no special abilities


You were on level 3 of the Dungeon.
You visited 1 branch of the dungeon, and saw 3 of its levels.

You collected 129 gold pieces.

Inventory:

Scrolls
 c - 2 scrolls of poison {unknown}
 e - a scroll of teleportation {unknown}
 f - a scroll of blinking {unknown}
Potions
 a - a potion of magic
 b - 3 potions of mutation {unknown}
 d - 5 potions of resistance {unknown}
 g - a potion of invisibility {unknown}
 h - a potion of curing {unknown}
 i - a potion of haste {unknown}


   Skills:
 + Level 3.4 Dodging
 + Level 2.9 Stealth
 + Level 0.1 Unarmed Combat
 + Level 2.5 Spellcasting
 + Level 1.6 Conjurations
 + Level 3.6 Air Magic


You couldn't memorise any spells.
You knew the following spells:

 Your Spells              Type           Power      Damage    Failure   Level
a - Shock                 Conj/Air       44%        1d5       6%          1
b - Static Discharge      Conj/Air       11%        N/A       9%          2
c - Airstrike             Air            7%         N/A       36%         4

Your spell library contained the following spells:

 Spells                   Type           Power      Damage    Failure   Level
 Swiftness                Air            15%        N/A       12%         3
 Frozen Ramparts          Ice            4%         1d2       45%         3
 Ice Form                 Ice/Tmut       2%         N/A       86%         4
 Summon Ice Beast         Ice/Summ       2%         N/A       86%         4


Dungeon Overview and Level Annotations

Branches:
Dungeon (3/15)

Altars:


Innate Abilities, Weirdness & Mutations

You have sharp claws.
You have razor-sharp teeth.
You have supernaturally acute eyesight. (SInv)
You cover ground quickly. (Speed+)
You are covered in fur. (AC +1)
Your paws help you pounce on unaware monsters.
You are incapable of wielding weapons or throwing items.
You cannot wear armour.
You gain extra lives every three experience levels.


Message History

The frilled lizard is heavily wounded.
The frilled lizard unfolds its giant frill.
The frilled lizard bites you.
You are too injured to fight recklessly!
You are too injured to fight recklessly!
You are too injured to fight recklessly!
You are too injured to fight recklessly!
You miss the frilled lizard.
The frilled lizard is heavily wounded.
The frilled lizard completely misses you.
You miss the frilled lizard.
The frilled lizard is heavily wounded.
The frilled lizard bites you.
Your magical contamination has completely faded away.
You barely miss the frilled lizard. You bite the frilled lizard.
You kill the frilled lizard!
You scratch the orc wizard.
The orc wizard is severely wounded.
The orc wizard completely misses you.
You scratch the orc wizard.
The orc wizard is almost dead.
The orc wizard hits you with a +0 dagger.
You scratch the orc wizard but do no damage.
The orc wizard is almost dead.
The orc wizard gestures at you while chanting.
You are confused.
You miss the orc wizard.
The orc wizard is almost dead.
The orc wizard closely misses you.
You're too confused to move!
The orc wizard misses you.
You closely miss the orc wizard.
The orc wizard is almost dead.
The orc wizard closely misses you.
The orc wizard mumbles some strange words.
The orc wizard flickers and vanishes for a moment.
You feel less confused.
The orc wizard hits you with a +0 dagger.
* * * LOW HITPOINT WARNING * * *
The orc wizard hits you with a +0 dagger.
You die...

.......................
#......................
#.......................
#.......................
#......##........>..#.#
#......##.............#+
<......##.....).........
##.....##......)........
#..............@.......
##............o........
#...........).........
#$.................###
#.......$..........#
#.....#########....#
#....?# ....# #.....#
....# ####### #####


You could see an orc wizard (invisible).

Vanquished Creatures
  2 adders
  4 orcs (D:3)
  5 bats
  3 endoplasms
  5 giant cockroaches
  11 goblins
  6 hobgoblins
  3 kobolds
  4 quokkas
  2 ball pythons
  5 frilled lizards
  6 rats
56 creatures vanquished.

Notes
Turn   | Place    | Note
-------+----------+-------------------------------------------
     0 | D:1      | xian the Felid Air Elementalist began the quest for the
                  | Orb.
     0 | D:1      | Reached XP level 1. HP: 7/7 MP: 4/4
   397 | D:1      | Reached skill level 1 in Conjurations
   397 | D:1      | Reached XP level 2. HP: 11/11 MP: 1/6
   681 | D:1      | Found a faded altar of an unknown god.
  1144 | D:1      | Learned a level 2 spell: Static Discharge
  1197 | D:1      | Reached XP level 3. HP: 14/14 MP: 0/7
  1807 | D:2      | HP: 1/21 [poisoned by an adder]
  2548 | D:2      | Reached XP level 4. HP: 18/18 MP: 6/8
  3185 | D:3      | Learned a level 4 spell: Airstrike
  3190 | D:3      | Slain by an orc wizard
  3191 | D:3      | Reached XP level 3. HP: 0/14 MP: 1/7
  3320 | D:3      | Slain by an orc wizard

Illustrated notes

Levels and vault maps discovered:
D:1:      scummos_arrival_simple_crosswalls, layout_basic,
          chequers_ecumenical_altar_island, minmay_misc_feat_x
D:2:      layout_loops_corners, nrook_campfire, grunt_decor_one_mirror,
          kennysheep_generic_room_5
D:3:      layout_basic, kennysheep_slug_shrine

Skill      XL: |  1  2 |
---------------+-------+-----
Air Magic      | 3 |  3.6
Conjurations   | 1 |  1.6
Dodging        | 3 |  3.4
Stealth        | |  2.9
Unarmed Combat | |  0.1
Spellcasting   | |  2.5

Action                   |  1- 3 |  4- 6 || total
-------------------------+-------+-------++-------
Melee: Unarmed           |    22 |       ||    22
       Bite              |     1 |       ||     1
 Cast: Shock             |   115 |    11 ||   126
       Static Discharge  |       |     1 ||     1
  Use: Potion            |     3 |       ||     3
Armor: Skin              |     3 |       ||     3
Dodge: Dodged            |    52 |       ||    52

Table legend: (Time is in decaauts)
 A = Elapsed time spent in this place.
 B = Non-inter-level travel time spent in this place.
 C = Inter-level travel time spent in this place.
 D = Time resting spent in this place.
 E = Time spent auto-exploring this place.
 F = Levels seen in this place.
 G = Mean time per level.
                   A        B        C        D        E       F      G
               +--------+--------+--------+--------+--------+-----+--------+
         Total |   2992 |   2932 |     60 |     72 |   2382 |   3 |  997.3 |
       Dungeon |   2992 |   2932 |     60 |     72 |   2382 |   3 |  997.3 |
               +--------+--------+--------+--------+--------+-----+--------+

Top non-repeatable levels by time:
     D:2: 1417 daAuts
     D:1: 1416 daAuts
     D:3: 158 daAuts
